 Dungeon Crawl Stone Soup version 0.16-a0-3149-g1169300 (webtiles) character file.

352 myeffort the Ogre Mage (level 6, -7/53 HPs)
             Began as an Ogre Wizard on Dec 14, 2014.
             Mangled by an ogre
             ... wielding a +0 giant club
              (19 damage)
             ... on level 5 of the Dungeon.
             The game lasted 00:18:34 (3909 turns).

myeffort the Ogre Mage (Ogre Wizard)                Turns: 3909, Time: 00:18:34

Health: -7/53      AC:  4    Str: 14 (15) XL:     6   Next: 61%
Magic:  5/18       EV:  9    Int: 17      God:
Gold:   145        SH:  0    Dex:  8      Spells: 7 memorised, 2 levels left

rFire  . . .     SeeInvis .     g - +1 short sword (speed)
rCold  . . .     Clarity  .     a - +0 robe
rNeg   . . .     SustAb   .     (shield restricted)
rPois  .         Gourm    .     b - +0 hat
rElec  .         Spirit   .     p - +0 cloak
rCorr  .         Warding  .     (gloves unavailable)
rMut   .         Stasis   .     (boots unavailable)
MR     .....                    (no amulet)
Stlth  +.........               (no ring)
                                (no ring)

@: not resistant to hostile enchantments, very unstealthy
A: unfitting armour, tough skin 1
a: no special abilities


You were on level 5 of the Dungeon.
You were not hungry.

You visited 1 branch of the dungeon, and saw 5 of its levels.

You collected 145 gold pieces.

Inventory:

Hand weapons
 e - a +0 club
 g - a +1 short sword of speed (weapon)
 i - a +0 mace
 l - a +2 mace of protection
Missiles
 n - 18 poisoned needles
Armour
 a - a +0 robe (worn)
 b - a +0 hat (worn)
 p - a +0 cloak (worn)
Jewellery
 o - an uncursed ring of loudness
Scrolls
 h - a scroll of fog
 k - 2 scrolls of identify
 m - 3 scrolls of recharging
 t - 2 scrolls of random uselessness {vault}
Potions
 s - a potion of might {unknown}
 A - a potion of lignification
Books
 c - a book of Minor Magic

   Spells                             Type                      Level
   a - Magic Dart                     Conjuration                  1
   b - Blink                          Translocation                2
   c - Call Imp                       Summoning                    2
   d - Repel Missiles                 Charms/Air                   2
   e - Slow                           Hexes                        2
   f - Conjure Flame                  Conjuration/Fire             3
   g - Mephitic Cloud                 Conjuration/Poison/Air       3
 r - a book of Beasts

   Spells                             Type                      Level
   a - Summon Butterflies             Summoning                    1
   b - Call Canine Familiar           Summoning                    3
   c - Summon Ice Beast               Ice/Summoning                4
   d - Summon Mana Viper              Hexes/Summoning              5
   e - Monstrous Menagerie            Summoning                    6
   f - Summon Hydra                   Summoning                    7
Comestibles
 d - a meat ration
 f - 3 bread rations
 j - a chunk of flesh
 x - a beef jerky


   Skills:
 - Level 1.7 Dodging
 - Level 1.5 Stealth
 + Level 5.9 Spellcasting
 + Level 3.7 Conjurations
 - Level 0.6 Summonings
 - Level 0.6 Translocations


You had 2 spell levels left.
You knew the following spells:

 Your Spells              Type           Power        Failure   Level  Hunger
a - Magic Dart            Conj           ###.         2%          1    None
b - Call Imp              Summ           #.......     17%         2    None
c - Blink                 Tloc           N/A          17%         2    None
d - Repel Missiles        Chrm/Air       #.....       24%         2    None
e - Mephitic Cloud        Conj/Pois/Air  #.......     24%         3    ##.....
f - Conjure Flame         Conj/Fire      ##......     21%         3    ##.....
g - Summon Butterflies    Summ           #.......     12%         1    None


Dungeon Overview and Level Annotations

Branches:
Dungeon (5/15)
 Temple: D:4-7

Altars:
Nemelex Xobeh

Annotations:
D:2 exclusion: 2 doors, Terence
D:4 Johnny's ghost, experienced HuHu


Innate Abilities, Weirdness & Mutations

You are too large for most types of armour.
You have tough skin (AC +1).


Message History

The ogre is severely wounded.
The ogre hits you with a giant club!!
You hit the ogre.
The ogre is severely wounded.
You hit the ogre.
The ogre is almost dead.
The ogre hits you with a giant club!
Casting: Magic Dart
Confirm with . or Enter, or press ? or * to list all spells.
A metallic apparition takes form in the air.
The ogre hits you with a giant club!
* * * LOW HITPOINT WARNING * * *
Casting: Call Imp
Confirm with . or Enter, or press ? or * to list all spells.
A beastly little devil appears in a puff of flame.
Your crimson imp says, "I'm here!"
Your crimson imp hits the ogre.
Your crimson imp blinks!
The ogre hits you with a giant club!!
You die...

#........##
#.........##
#.....$...#
#....>...##
#(.<(....##
#.........#
##.........#
#.........##
#.####..@5#
#.# #...O##
.# #...ยง5##
#..#...##
#.####.)#
#..# ##..#
#.# ##..# #.
#... #. #...


You could see an ogre, a friendly iron imp and a friendly crimson imp.

Vanquished Creatures
  A scorpion (D:4)
  3 hounds
  A river rat (D:4)
  2 giant mites (D:4)
  4 giant geckos
  3 oozes
  6 orcs
  A ball python (D:4)
  9 bats
  A bat skeleton (D:4)
  4 giant cockroaches
  4 goblins
  11 hobgoblins
  2 jackals (D:1)
  13 kobolds
  4 quokkas
  3 giant newts
  10 rats
82 creatures vanquished.

Vanquished Creatures (collateral kills)
  3 orc priests (D:4)
  2 orc wizards
  2 adders
  A worm (D:3)
  4 orcs
  A hobgoblin (D:5)
13 creatures vanquished.

Vanquished Creatures (others)
  6 crimson imps
  A white imp (D:4)
  A shadow imp (D:5)
8 creatures vanquished.

Grand Total: 103 creatures vanquished

Notes
Turn   | Place    | Note
--------------------------------------------------------------
     0 | D:1      | myeffort, the Ogre Wizard, began the quest for the Orb.
     0 | D:1      | Reached XP level 1. HP: 16/16 MP: 4/4
   159 | D:1      | Reached skill level 1 in Conjurations
   249 | D:1      | Reached XP level 2. HP: 21/24 MP: 6/6
   641 | D:1      | Reached skill level 4 in Spellcasting
   933 | D:1      | Reached XP level 3. HP: 31/31 MP: 3/9
   937 | D:1      | Learned a level 2 spell: Call Imp
   940 | D:1      | Learned a level 2 spell: Blink
   943 | D:1      | Learned a level 2 spell: Repel Missiles
   947 | D:1      | Learned a level 3 spell: Mephitic Cloud
  1130 | D:2      | Noticed Terence
  1722 | D:3      | Reached XP level 4. HP: 39/39 MP: 6/11
  1796 | D:3      | Found a sparkling altar of Nemelex Xobeh.
  2004 | D:4      | Noticed Johnny's ghost (experienced HuHu)
  2411 | D:4      | Reached XP level 5. HP: 45/45 MP: 1/14
  2558 | D:4      | Reached skill level 5 in Spellcasting
  2612 | D:3      | HP: 2/45 [hound (5)]
  3152 | D:4      | Reached XP level 6. HP: 24/53 MP: 13/18
  3382 | D:4      | Learned a level 3 spell: Conjure Flame
  3388 | D:4      | Learned a level 1 spell: Summon Butterflies
  3673 | D:5      | Entered Level 5 of the Dungeon
  3909 | D:5      | Mangled by an ogre

Action                   |  1- 3 |  4- 6 || total
-------------------------+-------+-------++-------
Melee: Short sword       |    71 |    90 ||   161
       Club              |     2 |       ||     2
 Cast: Magic Dart        |    81 |    70 ||   151
       Call Imp          |     6 |    40 ||    46
       Mephitic Cloud    |       |     1 ||     1
       Blink             |       |     1 ||     1
  Use: Scroll            |       |    10 ||    10
       Potion            |       |     5 ||     5
 Stab: Distracted        |       |     1 ||     1
       Sleeping          |       |     1 ||     1
  Eat: Chunk             |     3 |     1 ||     4
       Royal jelly       |       |     1 ||     1
       Fruit             |       |     5 ||     5
